 Dungeon Crawl Stone Soup version 0.18-a0-1350-g404b4cb (webtiles) character file.

369 Slowtrain the Ruffian (level 6, -3/34 HPs)
             Began as a Gargoyle Transmuter on Feb 18, 2016.
             Killed by divine providence
             ... invoked by an orc priest
              (14 damage)
             ... on level 4 of the Dungeon.
             The game lasted 00:20:49 (4428 turns).

Slowtrain the Ruffian (Gargoyle Transmuter)         Turns: 4428, Time: 00:20:51

Health: -3/34      AC:  2    Str: 14    XL:     6   Next: 70%
Magic:  6/9        EV: 19    Int: 13    God:
Gold:   151        SH:  0    Dex: 19    Spells: 3 memorised, 3 levels left

rFire  . . .     SeeInvis .       - Unarmed
rCold  . . .     Gourm    .     (armour currently unavailable)
rNeg   + . .     Faith    .     (shield currently unavailable)
rPois  ∞         Spirit   .     (helmet currently unavailable)
rElec  .         Dismiss  .     (cloak currently unavailable)
rCorr  .         Reflect  .     (gloves currently unavailable)
SustAt .         Harm     .     (boots currently unavailable)
MR     .....                    (no amulet)
Stlth  ++........               (no ring)
                                (no ring)

@: spider-form, not resistant to hostile enchantments, unstealthy
A: agile 1, negative energy resistance 1, (electricity resistance),
(unbreathing), petrification resistance, rot immunity, AC +4
a: End Transformation


You were on level 4 of the Dungeon.
You were not hungry.
You were a venomous arachnid creature.
You visited 1 branch of the dungeon, and saw 4 of its levels.

You collected 151 gold pieces.

Inventory:

Missiles
 a - 25 arrows
 e - 93 stones (quivered)
 h - 27 poisoned needles
Armour
 b - a +0 robe
 k - a +0 helmet (melded)
 m - a +0 ring mail
 n - a +0 leather armour (melded)
Scrolls
 f - a scroll of enchant armour {unknown}
 g - a scroll of random uselessness {unknown}
 i - a scroll of remove curse
 r - a scroll of teleportation {unknown}
Potions
 j - a potion of flight
 l - a potion of curing
 o - a potion of ambrosia
Books
 c - a book of Changes

   Spells                             Type                      Level
   a - Beastly Appendage              Transmutation                1
   b - Sticks to Snakes               Transmutation                2
   c - Spider Form                    Transmutation/Poison         3
   d - Ice Form                       Ice/Transmutation            4
   e - Blade Hands                    Transmutation                5
Comestibles
 d - 3 bread rations
 p - a royal jelly
 q - 2 meat rations
 s - a beef jerky
 t - 3 chunks of flesh


   Skills:
 - Level 1.1 Fighting
 - Level 1.5 Dodging
 + Level 4.7 Unarmed Combat
 - Level 2.0 Spellcasting
 + Level 4.1 Transmutations
 - Level 2.5 Poison Magic


You had 3 spell levels left.
You knew the following spells:

 Your Spells              Type           Power        Failure   Level  Hunger
a - Beastly Appendage     Trmt           ##....       17%         1    ##.....
b - Sticks to Snakes      Trmt           ##......     24%         2    ###....
c - Spider Form           Trmt/Pois      ##........   41%         3    ####...


Dungeon Overview and Level Annotations

Branches:
Dungeon (4/15)
 Temple: D:4-7

Altars:
Ru


Innate Abilities, Weirdness & Mutations

You are resistant to torment.
((Your stone body is resilient (AC +4).))
You are immune to poison.
You resist negative energy.
((You are resistant to electric shocks.))
((You can survive without breathing.))
You are immune to petrification.
You are immune to rotting.
You are agile. (Dex +2)


Message History

The orc priest shouts!
You hear an angry hiss.
The worker ant waves its antennae.
The worker ant closely misses you.
You see here a stone.
You hit the orc.
You kill the orc!
The worker ant bites you.
The orc wizard mumbles some strange words.
The orc wizard seems to speed up.
Unknown command.
You hit the orc priest.
The orc priest is moderately wounded.
The orc priest completely misses you. The worker ant barely misses you.
You barely miss the orc priest.
The orc priest is moderately wounded.
The orc priest mumbles some strange prayers to Beogh against you.
Beogh smites you! The worker ant completely misses you.
The orc priest mumbles some strange prayers to Beogh against you.
Beogh smites you!
You die...

#.###.... .. #.#.. #
... #.#.# ....##.#.#
..........#
..........#######.a.
..........#.o.(..o..
.....##.#.##o#
........#oas.#
####....######
#..... #.... #....


You could see a worker ant, 2 orc priests and an orc wizard.

Vanquished Creatures
  2 ogres
  Natasha (D:4)
  An orc wizard (D:3)
  3 adders
  3 oozes
  6 worms
  4 giant geckos
  6 orcs
  2 giant cockroaches (D:1)
  10 hobgoblins
  2 jackals (D:3)
  A quokka (D:3)
  2 ball pythons
  11 bats
  3 giant newts
  10 goblins
  6 kobolds
  14 rats
87 creatures vanquished.

Vanquished Creatures (collateral kills)
  Robin (D:2)
  A goblin (D:2)
  A hobgoblin (D:2)
  A quokka (D:2)
4 creatures vanquished.

Grand Total: 91 creatures vanquished

Notes
Turn   | Place    | Note
--------------------------------------------------------------
     0 | D:1      | Slowtrain the Gargoyle Transmuter began the quest for the Orb.
     0 | D:1      | Reached XP level 1. HP: 12/12 MP: 3/3
   394 | D:1      | Reached XP level 2. HP: 16/16 MP: 5/5
   708 | D:1      | Learned a level 2 spell: Sticks to Snakes
   829 | D:1      | Reached XP level 3. HP: 20/20 MP: 4/6
   851 | D:1      | Learned a level 3 spell: Spider Form
  1437 | D:2      | Reached skill level 1 in Poison Magic
  1625 | D:2      | Noticed Robin
  1705 | D:2      | Reached XP level 4. HP: 25/25 MP: 5/7
  1863 | D:2      | Killed Robin
  3284 | D:3      | Reached XP level 5. HP: 24/29 MP: 4/8
  3709 | D:3      | Found a sacrificial altar of Ru.
  3731 | D:3      | Noticed an ogre
  3752 | D:3      | Killed an ogre
  3752 | D:3      | Reached skill level 4 in Unarmed Combat
  3752 | D:3      | Reached XP level 6. HP: 18/34 MP: 6/9
  4113 | D:4      | Gained mutation: You are agile. (Dex +2) [potion of beneficial mutation]
  4266 | D:4      | Noticed Natasha
  4353 | D:4      | Killed Natasha
  4428 | D:4      | Killed from afar by an orc priest

Vault maps used:
D:1:      minmay_arrival_solitary_statue, corexii_leaking_fountain
D:2:      kennysheep_generic_room_3, uniq_robin
D:3:      nicolae_ru_the_path_less_chosen
D:4:      okawaru_altar_gauntlet_db, first_bread, minmay_surrounded,
          uniq_natasha

Action                   |  1- 3 |  4- 6 || total
-------------------------+-------+-------++-------
Melee: Unarmed           |   136 |   206 ||   342
Throw: Stone             |    20 |    94 ||   114
 Cast: Beastly Appendage |    14 |    15 ||    29
       Sticks to Snakes  |     1 |     4 ||     5
       Spider Form       |     1 |     5 ||     6
  Use: Scroll            |       |     5 ||     5
       Potion            |       |     1 ||     1
 Stab: Sleeping          |     1 |       ||     1
  Eat: Chunk             |     3 |    11 ||    14
